 Dungeon Crawl Stone Soup version 0.27-a0-279-gdfb9265905 (webtiles) character file.

Game seed: 809106295642114648

13708 gimp the Grappler (level 11, -4/102 HPs)
             Began as a Troll Earth Elementalist on Feb 7, 2021.
             Was an Initiate of Gozag.
             Slain by a two-headed ogre
             ... wielding a +0 giant club
              (12 damage)
             ... on level 10 of the Dungeon.
             The game lasted 00:30:34 (12319 turns).

gimp the Grappler (Troll Earth Elementalist)       Turns: 12319, Time: 00:30:34

Health: -4/102     AC: 13    Str: 22    XL:     11   Next: 79%
Magic:  11/11      EV: 11    Int: 11    God:    Gozag
Gold:   430        SH:  0    Dex: 16    Spells: 4/12 levels left

rFire    . . .     SeeInvis .     - Unarmed
rCold    . . .     Faith    .   (no shield)
rNeg     . . .     Spirit   .   r - quicksilver dragon scales of Autumn {Will+ Regen+ Str+4}
rPois    .         Reflect  .   (helmet restricted)
rElec    .         Harm     .   (no cloak)
rCorr    .         Rampage  .   (gloves unavailable)
Will     ++++.     Rnd*Rage +   (boots unavailable)
Stlth    +.........             K - necklace of Bloodlust {*Rage +Rage Will++ Int-3 Slay+6}
HPRegen  1.07/turn              j - ring of willpower
MPRegen  0.12/turn              M - +6 ring of dexterity

@: no status effects
A: large, unfitting armour, claws 3, regeneration 1, shaggy fur 1, tough skin 3
a: Renounce Religion, Evoke Berserk Rage, Potion Petition, Call Merchant, Bribe
Branch


You were on level 10 of the Dungeon.
You worshipped Gozag.
Gozag was aware of your devotion.
You visited 3 branches of the dungeon, and saw 13 of its levels.
You also visited: Sewer.

You collected 2646 gold pieces.
You spent 2139 gold pieces at shops.
You paid 77 gold pieces to Gozag.

Inventory:

Missiles
 b - 285 stones
 o - 6 curare-tipped darts
 y - 47 poisoned darts (quivered)
 G - a throwing net
Armour
 r - the quicksilver dragon scales of Autumn (worn) {Will+ Regen+ Str+4}
   (You bought it in a shop on level 5 of the Dungeon)

   It affects your strength (+4).
   It affects your willpower, your defense against some magical effects.
   It increases your rate of regeneration.
 u - a +2 robe of cold resistance
 E - a +1 robe of fire resistance
Jewellery
 j - a ring of willpower (left claw)
 m - an uncursed ring of positive energy
 H - an uncursed ring of flight
 K - the necklace of Bloodlust (around neck) {*Rage +Rage Will++ Int-3 Slay+6}
   (You bought it in a shop on level 10 of the Dungeon)

   [amulet of nothing]

   It affects your intelligence (-3).
   It affects your accuracy and damage with ranged weapons and melee attacks
   (+6).
   It affects your willpower, your defense against some magical effects.
   It lets you go berserk.
   It may make you go berserk in combat.
 M - a +6 ring of dexterity (right claw)
Wands
 c - a wand of paralysis (6)
 i - a wand of random effects (4)
 l - a wand of polymorph (11)
 I - a wand of flame (16)
Scrolls
 d - 9 scrolls of remove curse
 g - 7 scrolls of magic mapping
 k - 4 scrolls of blinking
 q - 2 scrolls of enchant weapon
 s - a scroll of immolation
 t - a scroll of fog
 w - 3 scrolls of fear
 x - a scroll of amnesia
 A - 4 scrolls of teleportation
 C - a scroll of vulnerability
 F - a scroll of holy word
 J - a scroll of identify
Potions
 a - a potion of brilliance
 e - a potion of berserk rage
 f - 11 potions of curing
 h - a potion of attraction
 n - 2 potions of haste
 p - 3 potions of magic
 v - 3 potions of heal wounds
 z - 2 potions of flight
 B - a potion of lignification
 D - a potion of might


   Skills:
 - Level 5.0 Fighting
 + Level 0.7 Armour
 - Level 5.0 Dodging
 - Level 1.0 Stealth
 * Level 12.0 Unarmed Combat
 - Level 1.2 Spellcasting
 + Level 4.5 Conjurations
 + Level 4.7 Transmutations
 + Level 8.3 Earth Magic


You had 4 spell levels left.
You knew the following spells:

 Your Spells              Type           Power        Failure   Level
a - Sandblast             Erth           36%          1%          1
b - Stone Arrow           Conj/Erth      28%          11%         3
c - Petrify               Tmut/Erth      15%          34%         4

Your spell library contained the following spells:

 Spells                   Type           Power        Failure   Level
 Passwall                 Tmut/Erth      12%          5%          2
 Foxfire                  Conj/Fire      20%          21%         1
 Corona                   Hex            0%           45%         1
 Conjure Flame            Conj/Fire      5%           52%         3
 Dazzling Flash           Conj/Hex       10%          52%         3
 Ensorcelled Hibernation  Hex/Ice        0%           61%         2
 Confusing Touch          Hex            0%           83%         3
 Inner Flame              Hex/Fire       0%           83%         3
 Tukima's Dance           Hex            0%           83%         3
 Sticky Flame             Conj/Fire      5%           89%         4
 Lee's Rapid Deconstruct  Erth           9%           43%         5
 Fireball                 Conj/Fire      2%           99%         5


Dungeon Overview and Level Annotations

Branches:
Dungeon (11/15)            Temple (1/1) D:5            Lair (0/6) D:10
    Orc (1/2) D:10          Sewer (visited)

Altars:
Ashenzari
Cheibriados
Dithmenos
Fedhas
Gozag
Hepliaklqana
Makhleb
Okawaru
Qazlal
Ru
Sif Muna
Trog
Vehumet
Wu Jian
Xom
Yredelemnul
Zin
The Shining One

Shops:
D:4 [??[:   D:5 [   D:7 *   D:8 *(   D:10 =

Annotations:
D:3 3 runed translucent doors, foci's ghost, amateur GrFi


Innate Abilities, Weirdness & Mutations

You are too large for most types of armour.
You have claws for hands.
Your natural rate of healing is unusually fast.
You are covered in fur. (AC +1)
You have extremely tough skin. (AC +3)


Message History

The two-headed ogre is severely wounded.
The two-headed ogre hits you with a +0 giant club!
* * * LOW HITPOINT WARNING * * *
The two-headed ogre hits you with a cursed -3 giant club.
* * * LOW HITPOINT WARNING * * *
You take 13 damage, and have 18/102 hp.
Things that are here:
a +0 leather armour; a +3 flail The two-headed ogre hits you with a +0 giant club!!
* * * LOW HITPOINT WARNING * * *
The two-headed ogre hits you but does no damage.
Items here: ))) [.
You take 17 damage, and have 2/102 hp.
There is an open door, spattered with blood here.
You regained 2 hp, and now have 8/102 hp.
The two-headed ogre hits you with a +0 giant club!
* * * LOW HITPOINT WARNING * * *
The two-headed ogre hits you with a cursed -3 giant club!
You die...
Your body crumbles into a pile of gold.

..................#
######....>.......#
#......[.....########
#...................# ###
############.........#
#.###.###8###.##.........#
...#...#...#...#.........#
.........................#
...............O@..#######
................##.#
...#...#...#...#.#.#
#8###8###8###.##.#.# ###
############.#.######
#.###............#......#
#.#..............'......#
#.####.######....#......#
#....'.# #..###......#


You could see a two-headed ogre.

Vanquished Creatures
  Harold (D:8)
  4 two-headed ogres
  Pikel (D:5)
  An orc knight (D:10)
  A centaur skeleton (D:11)
  A komodo dragon (D:10)
  4 polar bears
  A wraith (D:11)
  10 yaks
  A water moccasin (D:11)
  8 orc warriors
  Duvessa (D:4)
  A black bear (D:5)
  A necrophage (D:11)
  5 ice beasts
  4 sky beasts
  6 ogres
  A wolf (D:10)
  3 centaurs
  A lemure (D:5)
  A phantom (D:10)
  5 big kobolds
  7 bullfrogs
  3 scorpions
  15 killer bees
  8 wights
  5 howler monkeys
  2 electric eels (D:9)
  7 hounds
  A centaur zombie (D:8)
  14 orc priests
  A jelly (D:7)
  2 iguanas (D:5)
  2 bullfrog skeletons
  Ijyb (D:4)
  13 orc wizards
  Natasha (thrice) (D:4)
  3 worker ants
  2 hound zombies (D:7)
  A killer bee simulacrum (D:10)
  8 adders
  A howler monkey skeleton (D:5)
  4 river rats (Sewer)
  2 shadow imps
  2 white imps (D:10)
  A worker ant simulacrum (D:10)
  An ufetubus (D:5)
  An ooze (D:2)
  An adder zombie (D:8)
  6 worms
  A dart slug (D:3)
  4 leopard geckos
  53 orcs
  3 giant cockroaches
  5 hobgoblins
  15 jackals
  33 kobolds
  4 quokkas
  11 ball pythons
  4 bats
  4 frilled lizards
  12 goblins
  A leopard gecko skeleton (D:8)
  A quokka skeleton (D:7)
  28 rats
358 creatures vanquished.

Vanquished Creatures (others)
  35 plants (D:10)
35 creatures vanquished.

Grand Total: 393 creatures vanquished

Notes
Turn   | Place    | Note
-------+----------+-------------------------------------------
     0 | D:1      | gimp the Troll Earth Elementalist began the quest for the
                  | Orb.
     0 | D:1      | Reached XP level 1. HP: 16/16 MP: 1/1
   180 | D:1      | Reached XP level 2. HP: 19/24 MP: 0/2
   216 | D:1      | Reached skill level 1 in Unarmed Combat
   577 | D:2      | Reached XP level 3. HP: 29/32 MP: 0/3
   818 | D:2      | Reached skill level 1 in Fighting
   889 | D:2      | Reached skill level 2 in Unarmed Combat
   922 | D:2      | Reached XP level 4. HP: 41/41 MP: 0/4
  1238 | D:3      | Found a shimmering altar of Xom.
  2010 | D:3      | Found a runed translucent gate.
  2010 | D:3      | Found a runed translucent gate.
  2011 | D:3      | Found a runed translucent gate.
  2011 | D:3      | Noticed foci's ghost (amateur GrFi)
  2150 | D:3      | Found a broken altar of Ashenzari.
  2364 | D:4      | Reached XP level 5. HP: 44/48 MP: 2/5
  2367 | D:4      | Reached skill level 3 in Unarmed Combat
  2423 | D:4      | Found a burning altar of Makhleb.
  2434 | D:4      | Found Notoq's Magic Scroll Boutique.
  2435 | D:4      | Found Daugig's Armour Shop.
  2443 | D:4      | Bought a scroll of identify for 26 gold pieces
  2460 | D:4      | Found Gumovus's Magic Scroll Shoppe.
  2525 | D:4      | Found Zoarefru's Armour Shoppe.
  2555 | D:4      | Noticed Natasha
  2569 | D:4      | Killed Natasha
  2649 | D:4      | Noticed Natasha
  2651 | D:4      | Killed Natasha
  2700 | D:4      | Noticed Duvessa
  2700 | D:4      | Noticed Dowan
  2711 | D:4      | Killed Duvessa
  2712 | D:4      | Reached XP level 6. HP: 33/57 MP: 6/6
  2712 | D:4      | Noticed Dowan
  2712 | D:4      | Dowan changed into Dowan the howler monkey
  2718 | D:4      | Killed Dowan the howler monkey
  2719 | D:4      | Reached skill level 4 in Unarmed Combat
  2863 | D:4      | Found a glowing silver altar of Zin.
  2938 | D:4      | Found Jukogg's Book Boutique.
  2945 | D:4      | Noticed Ijyb
  2946 | D:4      | Noticed Natasha
  3004 | D:4      | Killed Ijyb
  3199 | D:4      | Killed Natasha
  3200 | D:4      | Reached skill level 5 in Earth Magic
  3316 | D:5      | Entered Level 5 of the Dungeon
  3329 | D:5      | Reached XP level 7. HP: 55/66 MP: 7/7
  3377 | D:5      | Found a staircase to the Ecumenical Temple.
  3388 | Temple   | Entered the Ecumenical Temple
  3422 | Temple   | Became a worshipper of Gozag Ym Sagoz the Greedy
  3458 | D:5      | Found a glowing drain.
  3474 | Sewer    | Entered a sewer
  3965 | Sewer    | Reached skill level 5 in Unarmed Combat
  4296 | D:5      | Noticed Pikel
  4307 | D:5      | Killed Pikel
  4308 | D:5      | Reached skill level 6 in Unarmed Combat
  4308 | D:5      | Reached XP level 8. HP: 70/75 MP: 8/8
  4451 | D:5      | Found Hecrulosh's Armour Emporium.
  4662 | D:5      | Found an iron altar of Okawaru.
  4674 | D:5      | Found a sacrificial altar of Ru.
  4675 | D:5      | Found a radiant altar of Vehumet.
  4814 | D:5      | Reached skill level 7 in Unarmed Combat
  4961 | D:4      | Bought a scroll of magic mapping for 45 gold pieces
  4961 | D:4      | Bought a scroll of magic mapping for 45 gold pieces
  4961 | D:4      | Bought a scroll of identify for 26 gold pieces
  4961 | D:4      | Bought a scroll of identify for 26 gold pieces
  4961 | D:4      | Bought a scroll of identify for 26 gold pieces
  4974 | D:4      | Bought 3 scrolls of fear for 147 gold pieces
  4974 | D:4      | Bought a scroll of blinking for 105 gold pieces
  4974 | D:4      | Bought a scroll of identify for 28 gold pieces
  4974 | D:4      | Bought a scroll of magic mapping for 49 gold pieces
  5388 | D:6      | Found a shimmering blue altar of Sif Muna.
  5933 | D:7      | Reached skill level 8 in Unarmed Combat
  6134 | D:7      | Reached XP level 9. HP: 77/85 MP: 9/9
  6141 | D:7      | Learned a level 3 spell: Stone Arrow
  6146 | D:7      | Learned a level 4 spell: Petrify
  6164 | D:7      | Found Ydduajio's Magic Scroll Emporium.
  6193 | D:7      | Found a bloodstained altar of Trog.
  6325 | D:7      | Found Hunoyt's Elemental Accessories.
  6515 | D:7      | Found a stormy altar of Qazlal.
  6529 | D:7      | Reached skill level 1 in Transmutations
  6901 | D:7      | Found a shadowy altar of Dithmenos.
  6904 | D:7      | Found a hazy altar of Hepliaklqana.
  7266 | D:8      | Reached skill level 1 in Conjurations
  7266 | D:8      | Noticed a two-headed ogre
  7571 | D:7      | Reached skill level 5 in Fighting
  7571 | D:7      | Reached skill level 9 in Unarmed Combat
  7790 | D:8      | Noticed Harold
  8293 | D:8      | Found a burning altar of Makhleb.
  8293 | D:8      | Noticed a blizzard demon
  8296 | D:8      | Noticed a smoke demon
  8296 | D:8      | Noticed an orange demon
  8359 | D:8      | Found Naun's Antique Weapon Shop.
  8453 | D:8      | Found Okhlup's Lightly-Used Armoury.
  8804 | D:8      | Killed Harold
  8805 | D:8      | Reached XP level 10. HP: 73/96 MP: 10/10
  8965 | D:9      | Reached skill level 10 in Unarmed Combat
  9269 | D:9      | Found a basalt altar of Yredelemnul.
  9389 | D:7      | Killed a two-headed ogre
  9457 | D:5      | Bought the quicksilver dragon scales of Autumn {Will+
                  | Regen+ Str+4} for 1055 gold pieces
  9597 | D:9      | Found an ornate altar of the Wu Jian Council.
 10016 | D:10     | Entered Level 10 of the Dungeon
 10506 | D:10     | Reached XP level 11. HP: 59/102 MP: 11/11
 10525 | D:10     | Reached skill level 11 in Unarmed Combat
 11143 | D:10     | Found a staircase to the Lair.
 11227 | D:10     | Found a staircase to the Orcish Mines.
 11329 | D:10     | Found Sebopufi's Jewellery Boutique.
 11337 | D:10     | Bought the necklace of Bloodlust {*Rage +Rage Will++ Int-3
                  | Slay+6} for 561 gold pieces
 11337 | D:10     | Found the necklace of Bloodlust {*Rage +Rage Will++ Int-3
                  | Slay+6}
 11923 | D:11     | Noticed a two-headed ogre
 11933 | D:11     | Killed a two-headed ogre
 12004 | D:11     | Noticed a five-headed hydra
 12124 | Orc:1    | Entered Level 1 of the Orcish Mines
 12126 | Orc:1    | Noticed a two-headed ogre
 12128 | Orc:1    | Noticed a two-headed ogre
 12129 | Orc:1    | Noticed an orc knight
 12130 | Orc:1    | Noticed an ogre mage
 12130 | Orc:1    | Noticed a two-headed ogre
 12145 | D:10     | Killed a two-headed ogre
 12170 | D:10     | Killed a two-headed ogre
 12171 | D:10     | Reached skill level 5 in Dodging
 12176 | D:10     | Killed an orc knight
 12248 | D:10     | Reached skill level 12 in Unarmed Combat
 12301 | D:10     | HP: 2/102 [two-headed ogre/+0 giant club (18)]
 12319 | D:10     | Slain by a two-headed ogre

Illustrated notes

Levels and vault maps discovered:
D:1:      nicolae_arrival_somewhat_less_tricky_arrival, layout_rooms,
          grunt_decor_cap
D:2:      layout_rooms, fountainhead
D:3:      layout_basic, xom_butterflies, lemuel_doored_altar,
          serial_co_window_serial, co_window_corner_a, co_window_paths_b,
          co_window_corner_a, co_window_paths_a, co_window_of_opportunity_a,
          co_window_cross_2, co_window_2corner, co_window_broadway_a,
          glass_columns_a, ebering_ghost_rock_garden, minmay_misc_feat_x,
          minmay_increasing_density
D:4:      layout_basic, old_standard_altar, zin_statuary, serial_shops, shop,
          shop, shop_fountains, nicolae_shop_behind_doors, shop, minmay_cut_off,
          uniq_duvessa, uniq_natasha, uniq_ijyb
D:5:      layout_rooms, minitemple, minmay_temple_entry_statues_fountains,
          serial_shops, nicolae_shop_trees, cheibrodos_sewer_entry_bend,
          minmay_starry_boxes, uniq_pikel
D:6:      layout_basic, basic_altar
D:7:      layout_layer_cave, riverfiend_overflow_shadow_ancestor,
          kennysheep_little_box, nicolae_qazlal_eye_of_the_storm, serial_shops,
          shop, kennysheep_doodads, nrook_loot_triangle, grunt_decor_clamped,
          nicolae_elemental_shop
D:8:      layout_rooms, serial_shops, shop, minmay_shop_damaged,
          minmay_strange_pillars, makhleb_altar_promises_db, uniq_harold
D:9:      layout_big_octagon, nicolae_overflow_crystal_walls,
          overflow_temple_1_default
D:10:     layout_irregular_city, david_lair_shrubbed, david_orc_4, serial_ice,
          serial_ice_b, serial_ice_c, serial_ice_m, serial_ice_o, serial_shops,
          shop_statue
D:11:     layout_long_grid
Temple:   nicolae_temple_figure_zero
Orc:1:    layout_caves, basic_altar, lightli_orcish_oven, uniq_gastronok

Skill      XL: |  1  2  3  4  5  6  7  8  9 10 11 |
---------------+----------------------------------+-----
Unarmed Combat | 1 2 3 4 6 8 9 10 12 | 12.0
Earth Magic    | 3 4 5 6 7 8 |  8.3
Fighting       | 1 2 3 4 5 |  5.0
Transmutations | 2 3 4 |  4.7
Conjurations   | 2 3 4 |  4.5
Dodging        | 2 4 5 |  5.0
Armour         | |  0.7
Stealth        | |  1.0
Spellcasting   | |  1.2

Action                   |  1- 3 |  4- 6 |  7- 9 | 10-12 || total
-------------------------+-------+-------+-------+-------++-------
Melee: Unarmed           |    77 |   173 |   496 |   426 ||  1172
       Punch             |       |     2 |    17 |    20 ||    39
Throw: Dart              |       |       |     2 |    11 ||    13
 Cast: Sandblast         |    16 |     4 |       |       ||    20
Evoke: Wand              |       |     7 |     1 |     3 ||    11
  Use: Scroll            |       |    10 |    11 |     4 ||    25
       Potion            |       |       |     1 |     2 ||     3
 Stab: Sleeping          |       |     1 |     1 |       ||     2
       Paralysed         |       |     8 |       |       ||     8
       Distracted        |       |       |       |     3 ||     3
Armor: Robe              |    31 |    81 |   229 |    19 ||   360
       Quicksilver drago |       |       |       |   218 ||   218
Dodge: Dodged            |    33 |    70 |   232 |   243 ||   578

Table legend: (Time is in decaauts)
 A = Elapsed time spent in this place.
 B = Non-inter-level travel time spent in this place.
 C = Inter-level travel time spent in this place.
 D = Time resting spent in this place.
 E = Time spent auto-exploring this place.
 F = Levels seen in this place.
 G = Mean time per level.
                   A        B        C        D        E       F      G
               +--------+--------+--------+--------+--------+-----+--------+
         Total |  12249 |  11306 |    943 |    620 |   7547 |  14 |  874.9 |
       Dungeon |  11444 |  10513 |    931 |    620 |   7110 |  11 | 1040.4 |
        Temple |     47 |     35 |     12 |      0 |      0 |   1 |   47.0 |
  Orcish Mines |     19 |     19 |      0 |      0 |      0 |   1 |   19.0 |
         Sewer |    738 |    738 |      0 |      0 |    437 |   1 |  738.0 |
               +--------+--------+--------+--------+--------+-----+--------+

Top non-repeatable levels by time:
     D:7: 2222 daAuts
    D:10: 1443 daAuts
     D:3: 1110 daAuts
     D:4: 1033 daAuts
     D:6: 1005 daAuts
     D:9: 973 daAuts
     D:5: 919 daAuts
     D:8: 900 daAuts
   Sewer: 738 daAuts
     D:2: 625 daAuts
     D:1: 611 daAuts
    D:11: 597 daAuts
  Temple: 47 daAuts
   Orc:1: 19 daAuts
